 Dungeon Crawl Stone Soup version 0.21-a0-630-g344d351 (webtiles) character file.

1368 slep the Carver (level 8, -5/67 HPs)
             Began as a Barachi Gladiator on Dec 26, 2017.
             Was a Follower of Okawaru.
             Slain by an orc warrior
             ... wielding a +0 flail
              (9 damage)
             ... on level 6 of the Dungeon.
             The game lasted 00:22:26 (4396 turns).

slep the Carver (Barachi Gladiator)                 Turns: 4396, Time: 00:22:26

Health: -5/67      AC: 14    Str: 19    XL:     8   Next: 65%
Magic:  8/8        EV:  9    Int: 10    God:    Okawaru [*.....]
Gold:   242        SH:  4    Dex: 15    Spells: 7/7 levels left

rFire    + . .     SeeInvis .   a - +0 long sword
rCold    . . .     Gourm    .   r - +0 buckler (curse)
rNeg     . . .     Faith    .   F - +2 chain mail {rPois}
rPois    +         Spirit   .   c - +0 helmet
rElec    .         Reflect  .   (no cloak)
rCorr    .         Harm     .   (no gloves)
MR       .....                  h - +1 pair of boots
Stlth    ..........             (no amulet)
HPRegen  0.21/turn              o - +4 ring of strength
MPRegen  0.11/turn              (no ring)

@: slow
A: +LOS, swims, hooves 1, fire resistance 1, robust 1, slowness 1, strong legs 1
a: Hop, Heroism, Renounce Religion


You were on level 6 of the Dungeon.
You worshipped Okawaru.
Okawaru was aware of your devotion.
You were hungry.

You visited 1 branch of the dungeon, and saw 6 of its levels.

You collected 242 gold pieces.

Inventory:

Hand Weapons
 a - a +0 long sword (weapon)
Missiles
 d - 2 throwing nets
 k - 2 curare-tipped needles
 m - 3 tomahawks of returning (quivered)
 A - 8 poisoned needles
Armour
 b - a +0 leather armour
 c - a +0 helmet (worn)
 e - a +3 leather armour
 h - a +1 pair of boots (worn)
 r - a cursed +0 buckler (worn)
 C - a +0 ring mail of poison resistance
 F - a +2 chain mail of poison resistance (worn)
Jewellery
 o - a +4 ring of strength (left hand)
Wands
 v - a wand of iceblast (12)
 x - a wand of paralysis (9)
Scrolls
 i - 4 scrolls of enchant weapon {unknown}
 j - 6 scrolls of identify {unknown}
 l - 4 scrolls of remove curse {unknown}
 q - a scroll of immolation {unknown}
 s - 5 scrolls of teleportation {unknown}
 t - 2 scrolls of magic mapping {unknown}
 u - a scroll of noise {unknown}
 w - a scroll of amnesia {unknown}
 y - a scroll of fear {unknown}
Potions
 g - a potion of might
 n - 2 potions of heal wounds
 p - 5 potions of curing
 B - a potion of resistance {unknown}
 D - a potion of lignification
 E - a potion of agility {unknown}
Books
 z - a book of Maledictions

   Spells                             Type                      Level
   a - Corona                         Hexes                        1
   b - Ensorcelled Hibernation        Hexes/Ice                    2
   c - Confuse                        Hexes                        3
   d - Tukima's Dance                 Hexes                        3
   e - Dazzling Spray                 Conjuration/Hexes            3
Comestibles
 f - 8 rations
 G - 3 chunks of flesh


   Skills:
 + Level 4.6 Fighting
 + Level 9.0 Long Blades
 + Level 3.7 Throwing
 + Level 4.2 Armour
 + Level 5.1 Dodging
 + Level 2.4 Stealth
 + Level 1.0 Shields
 + Level 1.1 Evocations


You had 7 spell levels left.
You didn't know any spells.

Dungeon Overview and Level Annotations

Branches:
Dungeon (6/15)
 Temple: D:4-7

Altars:
Hepliaklqana
Okawaru
Wu Jian
The Shining One

Shops:
D:5 [(!


Innate Abilities, Weirdness & Mutations

Shadows flee at your approach. (+LOS)
You can swim through water.
You cover ground slowly.
You can hop short distances.
You have large cloven feet.
Your flesh is heat resistant. (rF+)
You are robust. (+10% HP)


Message History

The orc warrior is severely wounded.
You hit the orc warrior but do no damage.
The orc warrior is severely wounded.
You block the orc warrior's attack.
You completely miss the orc warrior.
The orc warrior is severely wounded.
The orc warrior hits you with a flail!
Your chain mail prevents you from hitting the orc warrior.
The orc warrior is severely wounded.
The orc warrior barely misses you.
You hit the orc warrior.
The orc warrior is almost dead.
The orc warrior hits you with a flail!!
* * * LOW HITPOINT WARNING * * *
You hit the orc warrior but do no damage.
The orc warrior is almost dead.
You hit the orc warrior but do no damage.
The orc warrior is almost dead.
The orc warrior hits you with a flail!
You die...

#.....#<# ...###
#.###.#.##.#....
#.###.#......#
#...)........#
#####.#..#####
#.#..#
#>#..########
#.#........?.
#.##@#######.
#.##o# #.##o# #.
#o# #.. ... ###


You could see an orc warrior and 2 orcs.

Vanquished Creatures
  Edmund (D:4)
  Duvessa (D:5)
  A phantom (D:4)
  3 ogres
  Dowan (D:5)
  The ghost of cellescent the Ducker, a weakling TrWn (D:3)
  2 electric eels (D:4)
  A crimson imp (D:5)
  3 hounds
  An orc priest (D:5)
  A gnoll shaman (D:5)
  A bullfrog skeleton (D:5)
  4 orc wizards
  3 worker ants
  A howler monkey zombie (D:6)
  A worker ant zombie (D:5)
  6 adders
  3 gnolls
  A shadow imp (D:5)
  An ooze (D:2)
  5 worms (D:2)
  2 dart slugs
  4 leopard geckos
  15 orcs
  2 giant cockroaches
  9 goblins
  13 hobgoblins
  6 jackals
  7 kobolds
  A quokka (D:2)
  4 bats
  5 frilled lizards
  A quokka zombie (D:5)
  6 rats
117 creatures vanquished.

Notes
Turn   | Place    | Note
-------+----------+-------------------------------------------
     0 | D:1      | slep the Barachi Gladiator began the quest for the Orb.
     0 | D:1      | Reached XP level 1. HP: 17/17 MP: 1/1
   125 | D:1      | Reached skill level 4 in Long Blades
   125 | D:1      | Reached XP level 2. HP: 22/23 MP: 2/2
   488 | D:1      | Reached XP level 3. HP: 28/28 MP: 3/3
   884 | D:2      | Reached skill level 5 in Long Blades
   892 | D:2      | Reached XP level 4. HP: 22/34 MP: 4/4
   954 | D:2      | Reached skill level 1 in Armour
  1286 | D:2      | Found a hazy altar of Hepliaklqana.
  1314 | D:3      | Noticed cellescent's ghost (weakling TrWn)
  1574 | D:3      | Noticed an ogre
  1670 | D:4      | Found a transporter.
  1681 | D:4      | Reached XP level 5. HP: 34/41 MP: 5/5
  1694 | D:4      | Found an ornate altar of the Wu Jian Council.
  1711 | D:4      | Reached skill level 6 in Long Blades
  1712 | D:4      | Noticed a phantom
  1724 | D:4      | Found a transporter.
  1738 | D:4      | Killed a phantom
  1738 | D:4      | Reached XP level 6. HP: 11/47 MP: 6/6
  1749 | D:4      | Found an iron altar of Okawaru.
  1755 | D:4      | Became a worshipper of Warmaster Okawaru
  2156 | D:3      | Found a glowing golden altar of the Shining One.
  2329 | D:2      | Gained mutation: You are robust. (+10% HP) [potion of mutation]
  2329 | D:2      | Gained mutation: You have large cloven feet. [potion of mutation]
  2329 | D:2      | Gained mutation: Your flesh is heat resistant. (rF+) [potion of mutation]
  2338 | D:3      | Killed cellescent's ghost
  2338 | D:3      | Reached XP level 7. HP: 46/57 MP: 7/7
  2648 | D:3      | Reached skill level 7 in Long Blades
  2747 | D:4      | Reached skill level 1 in Stealth
  3127 | D:4      | Reached * piety under Okawaru
  3159 | D:5      | Entered Level 5 of the Dungeon
  3412 | D:5      | Noticed Duvessa
  3412 | D:5      | Noticed Dowan
  3415 | D:5      | Found Taxuh's Antique Weapon Shop.
  3431 | D:5      | Killed Duvessa
  3431 | D:5      | Reached XP level 8. HP: 51/66 MP: 8/8
  3443 | D:5      | Killed Dowan
  3443 | D:5      | Reached skill level 8 in Long Blades
  3503 | D:5      | Found Cont's Distillery.
  3560 | D:5      | Reached skill level 1 in Evocations
  3627 | D:5      | Noticed Edmund
  3663 | D:4      | Killed Edmund
  3663 | D:4      | Reached skill level 5 in Dodging
  4092 | D:5      | Found Foskyrhi's Armour Shoppe.
  4279 | D:6      | Reached skill level 1 in Shields
  4336 | D:6      | Reached skill level 9 in Long Blades
  4396 | D:6      | Slain by an orc warrior

Vault maps used:
D:1:      dpeg_arrival_pits
D:2:      marbit_many_paths
D:3:      nicolae_tso_carved_into_rock
D:4:      gammafunk_steamed_eel, old_standard_altar, okawaru_trees_1
D:5:      serial_shops, shop_statue, nicolae_shop_crystal, shop_statue,
          first_ration, uniq_edmund, uniq_duvessa
D:6:      lemuel_coloured_pillars_altar

Skill      XL: |  1  2  3  4  5  6  7  8 |
---------------+-------------------------+-----
Long Blades    | 4 5 6 7 9 |  9.0
Armour         | 1 2 3 4 |  4.2
Fighting       | 3 4 |  4.6
Dodging        | 4 5 |  5.1
Throwing       | 3 |  3.7
Stealth        | 1 2 |  2.4
Evocations     | 1 |  1.1
Shields        | 1 |  1.0

Action                   |  1- 3 |  4- 6 |  7- 9 || total
-------------------------+-------+-------+-------++-------
Melee: Long sword        |    75 |   161 |   202 ||   438
Throw: Tomahawk          |     3 |    20 |     6 ||    29
       Throwing net      |       |       |     2 ||     2
Evoke: Wand              |       |       |     5 ||     5
  Use: Potion            |       |     8 |       ||     8
 Stab: Held in net/web   |       |       |     2 ||     2
       Sleeping          |       |       |     1 ||     1
       Distracted        |       |       |     1 ||     1
  Eat: Chunk             |       |     6 |     7 ||    13
Armor: Leather armour    |    24 |    38 |    21 ||    83
       Ring mail         |       |       |    23 ||    23
       Chain mail        |       |       |     7 ||     7
Dodge: Dodged            |    55 |   102 |    96 ||   253
Block: Buckler           |       |       |    26 ||    26
       Rpst.: Long sword |    24 |    38 |    25 ||    87

Table legend:
 A = Spawn XP
 B = Non-spawn XP
 C = Spawn XP percentage of total XP
 D = Spawn monster count
 E = Non-spawn monster count
 F = Spawn count percentage of total count
 G = Total turns spent on level
                    A         B        C        D         E        F      G
               +---------+---------+-------+---------+---------+-------+---------
         Total |       0 |    1955 |   0.0 |       0 |     117 |   0.0 |  4396
               +---------+---------+-------+---------+---------+-------+---------
           D:1 |       0 |      41 |   0.0 |       0 |      22 |   0.0 |   735
           D:2 |       0 |     101 |   0.0 |       0 |      26 |   0.0 |   822
           D:3 |       0 |     237 |   0.0 |       0 |      18 |   0.0 |   645
           D:4 |       0 |     803 |   0.0 |       0 |      23 |   0.0 |  1310
           D:5 |       0 |     670 |   0.0 |       0 |      21 |   0.0 |   723
           D:6 |       0 |     103 |   0.0 |       0 |       7 |   0.0 |   161
               +---------+---------+-------+---------+---------+-------+---------
